 Dungeon Crawl Stone Soup version 0.18-a0-1577-gf591c28 (webtiles) character file.

39 namelastname112 the Insei (level 3, -5/31 HPs)
             Began as a Draconian Monk on Mar 22, 2016.
             Killed from afar by Natasha (6 damage)
             ... with a magic dart
             ... on level 2 of the Dungeon.
             The game lasted 00:01:26 (1353 turns).

namelastname112 the Insei (Draconian Monk)          Turns: 1353, Time: 00:01:26

Health: -5/31      AC:  5    Str: 13    XL:     3   Next: 28%
Magic:  3/3        EV: 13    Int: 10    God:
Gold:   72         SH:  0    Dex: 14    Spells: 0 memorised, 2 levels left

rFire  + . .     SeeInvis .       - Unarmed
rCold  + . .     Gourm    .     (armour unavailable)
rNeg   . . .     Faith    .     (no shield)
rPois  +         Spirit   .     (helmet restricted)
rElec  +         Dismiss  .     (no cloak)
rCorr  +         Reflect  .     (no gloves)
SustAt .         Harm     .     (no boots)
MR     .....                    (no amulet)
Stlth  ++........               (no ring)
                                (no ring)

@: resistant, not resistant to hostile enchantments, unstealthy
A: unfitting armour, cold-blooded, AC +5
a: no special abilities


You were on level 2 of the Dungeon.
You were not hungry.

You visited 1 branch of the dungeon, and saw 2 of its levels.

You collected 72 gold pieces.

Inventory:

Scrolls
 e - a scroll of immolation {unknown}
 g - a scroll of recharging {unknown}
 h - 2 scrolls of teleportation {unknown}
 i - 2 scrolls of remove curse {unknown}
Potions
 b - a potion of magic {unknown}
 f - a potion of flight
Comestibles
 a - a bread ration


   Skills:
 - Level 3.2 Fighting
 - Level 2.6 Dodging
 - Level 1.7 Stealth
 + Level 5.1 Unarmed Combat


You had 2 spell levels left.
You didn't know any spells.

Dungeon Overview and Level Annotations

Branches:
Dungeon (2/15)

Altars:

Annotations:
D:2 Natasha


Innate Abilities, Weirdness & Mutations

Your plain brown scales are hard (AC +5).
Your body does not fit into most forms of armour.
You are cold-blooded and may be slowed by cold attacks.


Message History

Natasha is nearby!
Drink which item? (? for menu, Esc to quit)
It was a potion of flight.
You feel very buoyant.
You fly up into the air.
Natasha closely misses you.
Natasha stares at you and mumbles some strange words.
You feel as though you will be slow longer.
Drink which item? (? for menu, Esc to quit)
It was a potion of cancellation.
Your magical effects are unravelling.
You feel magically purged.
You feel yourself speed up.
You float gracefully downwards.
Natasha closely misses you.
Natasha casts a spell.
Drink which item? (? for menu, Esc to quit)
It was a potion of resistance.
You feel protected.
Natasha stares at you and mumbles some strange words.
The magic dart hits you!
You die...

# #.##.##.......
#.......#.###
##.##.##.# #
#########...#.##+##
#.........#..##...##
#.#######.#.##.....##
#.# #....###.#...#.##
#.#
#.#####.8.8.8.8.##
#.#
#....#.....@h....#
#.#
####.'.....%†....+
#.# #.#.......5...#
#.# #.##.8.8.8.8.##
#.# ##.##.#...#.##
#.# ##.###.?...## #.#
##.#.###...## #.#
##.###.###+## #.#
#.## ##....#


You could see Natasha and a white imp.

Vanquished Creatures
  2 worms (D:2)
  2 giant geckos (D:1)
  A giant cockroach (D:1)
  5 goblins (D:1)
  7 hobgoblins
  2 kobolds
  A bat (D:2)
  4 giant newts
  7 rats
31 creatures vanquished.

Notes
Turn   | Place    | Note
--------------------------------------------------------------
     0 | D:1      | namelastname112 the Draconian Monk began the quest for the Orb.
     0 | D:1      | Reached XP level 1. HP: 19/19 MP: 1/1
     2 | D:1      | Noticed a gargoyle
     2 | D:1      | Noticed a ghoul
     4 | D:1      | Noticed a minotaur
     4 | D:1      | Noticed an octopode
     6 | D:1      | Noticed a dwarf
     6 | D:1      | Noticed a demigod
     8 | D:1      | Noticed a felid
     8 | D:1      | Noticed a human
    11 | D:1      | Noticed a merfolk
    11 | D:1      | Noticed a formicid
    13 | D:1      | Noticed an elf
    15 | D:1      | Noticed a vampire
    15 | D:1      | Noticed a centaur
    18 | D:1      | Noticed a halfling
    18 | D:1      | Noticed a troll
    20 | D:1      | Noticed an ogre
    22 | D:1      | Noticed a draconian
    22 | D:1      | Noticed a vine stalker
    26 | D:1      | Noticed a demonspawn
    26 | D:1      | Noticed a spriggan
    29 | D:1      | Noticed a tengu
    29 | D:1      | Noticed a naga
   240 | D:1      | Reached XP level 2. HP: 26/26 MP: 2/2
  1183 | D:2      | Reached skill level 5 in Unarmed Combat
  1183 | D:2      | Reached XP level 3. HP: 17/31 MP: 3/3
  1345 | D:2      | Noticed Natasha
  1350 | D:2      | HP: 1/31 [Natasha (9)]
  1353 | D:2      | Killed from afar by Natasha

Vault maps used:
D:1:      kb_arrival_jail, grunt_decor_fettered
D:2:      nicolae_dithmenos_through_a_glass_darkly, dk_noncrumbling_3,
          uniq_natasha

Skill      XL: |  1  2 |
---------------+-------+-----
Unarmed Combat | 5 |  5.1
Fighting       | |  3.2
Dodging        | |  2.6
Stealth        | |  1.7

Action                   || total
-------------------------++-------
Melee: Unarmed           ||    80
  Use: Potion            ||     3
 Stab: Sleeping          ||     2
  Eat: Chunk             ||     1
